 Dungeon Crawl Stone Soup version 0.18-a0-937-g1af3f5e (webtiles) character file.

120 Arkorax the Poker (level 5, -5/42 HPs)
             Began as a Merfolk Gladiator on Dec 28, 2015.
             Was a Believer of Cheibriados.
             Killed by nerve-wracking pain
             ... invoked by Grinder
              (9 damage)
             ... on level 3 of the Dungeon.
             The game lasted 00:03:12 (2142 turns).

Arkorax the Poker (Merfolk Gladiator)               Turns: 2142, Time: 00:03:12

Health: -5/42      AC:  9    Str: 20      XL:     5   Next: 4%
Magic:  5/5        EV:  9    Int:  9 (11) God:    Cheibriados [**....]
Gold:   147        SH:  0    Dex: 19      Spells: 0 memorised, 4 levels left

rFire  + . .     SeeInvis .     a - +0 trident
rCold  . . .     Gourm    .     v - +0 chain mail {rF+}
rNeg   . . .     Faith    .     (no shield)
rPois  .         Spirit   .     o - +0 helmet
rElec  .         Dismiss  .     (no cloak)
rCorr  .         Reflect  .     (no gloves)
SustAt .         Harm     .     (no boots)
MR     .....                    (no amulet)
Stlth  ..........               (no ring)
                                m - ring of flight

@: very slightly contaminated, hasted, quick, not resistant to hostile
enchantments, extremely unstealthy
A: change form in water, swift swim
a: Bend Time, Renounce Religion, Evoke Flight


You were on level 3 of the Dungeon.
You worshipped Cheibriados.
Cheibriados was pleased with you.
You were not hungry.

You visited 1 branch of the dungeon, and saw 3 of its levels.

You collected 147 gold pieces.

Inventory:

Hand Weapons
 a - a +0 trident (weapon)
Missiles
 d - 3 throwing nets (quivered)
Armour
 o - a +0 helmet (worn)
 v - a +0 chain mail of fire resistance (worn)
Jewellery
 b - an uncursed amulet of dismissal
 m - a ring of flight (left hand)
Scrolls
 i - 4 scrolls of identify {unknown}
 j - a scroll of enchant weapon {unknown}
 n - a scroll of teleportation {unknown}
 q - 3 scrolls of remove curse {unknown}
 s - a scroll of immolation {unknown}
Potions
 e - a potion of degeneration
 g - a potion of flight
Comestibles
 f - 2 bread rations
 k - 2 beef jerkies
 l - 5 fruits
 u - 2 meat rations


   Skills:
 + Level 4.0 Fighting
 + Level 6.6 Polearms
 - Level 2.0 Throwing
 - Level 4.0 Dodging


You had 4 spell levels left.
You didn't know any spells.

Dungeon Overview and Level Annotations

Branches:
Dungeon (3/15)

Altars:
Cheibriados
Dithmenos
Elyvilon
Okawaru
Sif Muna
Xom
Zin

Annotations:
D:3 Grinder


Message History

Unknown command.
You are too injured to fight recklessly!
You completely miss Grinder.
Grinder is severely wounded.
You completely miss Grinder.
Grinder is severely wounded.
Grinder hits you.
* * * LOW HITPOINT WARNING * * *
You writhe in agony.
* * * LOW HITPOINT WARNING * * *
You hit Grinder but do no damage.
Grinder is severely wounded.
Grinder hits you but does no damage.
Your chain mail prevents you from hitting Grinder.
Grinder is severely wounded.
You hit Grinder but do no damage.
Grinder is severely wounded.
Grinder gestures at you. Pain shoots through your body!
You die...

#$# .# #.#.####.
#.#.#... #
#.#.##.#.# # #.
#.#.##.#.#.# #..
#.#....#...#
#...#........#
#....†.@5..#.#
#....†...#.#.#
#...####.#.#.### .
#... .$#.....#
#.##############.#.#
.................#.#
........##########.#
..###.........####.#
#.....###......#


You could see Grinder.

Vanquished Creatures
  Terence (D:2)
  Robin (D:2)
  2 adders
  2 oozes
  A giant gecko (D:2)
  5 bats
  18 goblins
  6 hobgoblins
  6 jackals (D:2)
  8 kobolds
  A giant cockroach (D:2)
  3 giant newts (D:2)
  5 rats
59 creatures vanquished.

Vanquished Creatures (others)
  A goblin (D:1)
  A bat (D:1)
2 creatures vanquished.

Grand Total: 61 creatures vanquished

Notes
Turn   | Place    | Note
--------------------------------------------------------------
     0 | D:1      | Arkorax the Merfolk Gladiator began the quest for the Orb.
     0 | D:1      | Reached XP level 1. HP: 16/16 MP: 1/1
   341 | D:1      | Reached XP level 2. HP: 20/23 MP: 2/2
   472 | D:1      | Reached skill level 5 in Polearms
   901 | D:2      | Noticed Robin
   928 | D:2      | Killed Robin
   928 | D:2      | Reached XP level 3. HP: 20/28 MP: 3/3
  1304 | D:2      | Found a faded altar to an unknown god.
  1318 | D:2      | Became a worshipper of Cheibriados the Contemplative
  1318 | D:2      | Reached * piety under Cheibriados
  1482 | D:2      | Reached skill level 6 in Polearms
  1482 | D:2      | Reached XP level 4. HP: 35/35 MP: 4/4
  1526 | D:2      | Noticed Terence
  1540 | D:2      | Killed Terence
  1905 | D:2      | Reached ** piety under Cheibriados
  1910 | D:2      | Found a white marble altar of Elyvilon.
  1914 | D:2      | Found an iron altar of Okawaru.
  1914 | D:2      | Found a deep blue altar of Sif Muna.
  1914 | D:2      | Found a shadowy altar of Dithmenos.
  1914 | D:2      | Found a glowing silver altar of Zin.
  1914 | D:2      | Found a snail-covered altar of Cheibriados.
  1920 | D:2      | Found a shimmering altar of Xom.
  2088 | D:3      | Reached XP level 5. HP: 42/42 MP: 5/5
  2090 | D:3      | Noticed Grinder
  2096 | D:3      | Paralysed by Grinder for 7 turns
  2107 | D:3      | Paralysed by Grinder for 5 turns
  2132 | D:3      | Paralysed by Grinder for 5 turns
  2142 | D:3      | Killed from afar by Grinder

Vault maps used:
D:1:      tarquinn_simple_flora_water_a, minmay_misc_feat_ornament,
          lemuel_old_faithful
D:2:      minitemple, ecumenical_altar_1, uniq_robin, uniq_terence
D:3:      kennysheep_the_goblin_king, kiku_gazebo_pond_becter, uniq_grinder,
          uniq_jessica, uniq_sigmund

Action                   |  1- 3 |  4- 6 || total
-------------------------+-------+-------++-------
Melee: Trident           |   147 |    79 ||   226
  Use: Potion            |       |     6 ||     6
  Eat: Chunk             |     2 |       ||     2
       Beef jerky        |       |     1 ||     1
